 Dungeon Crawl Stone Soup version 0.32-a0-131-g9dbbe29 (webtiles) character file.

Game seed: 12842815104279226722

13 Dorkslayer the Shield-Bearer (level 2, -2/21 HPs)
             Began as an Octopode Fighter on Feb 8, 2024.
             Slain by a kobold
             ... wielding a +0 dagger
              (4 damage)
             ... on level 1 of the Dungeon.
             The game lasted 00:00:36 (136 turns).

Dorkslayer the Shield-Bearer (Octopode Fighter)      Turns: 136, Time: 00:00:36

Health: -2/21      AC:  1    Str: 15    XL:     2   Next: 37%
Magic:  2/2        EV: 13    Int: 10    God:
Gold:   12         SH:  4    Dex: 11    Spells: 1/1 levels left

rFire   . .          .
                       - Unarmed
rCold   . . .        a - +0 buckler
rNeg    . . .        (helmet restricted)
rPois   .            (no amulet)
rElec   .            (no ring)
rCorr   .            (no ring)
SInv    .            (no ring)
Will    .....        (no ring)
Stlth   ++           (no ring)
HPRegen 0.23/turn    (no ring)
MPRegen 0.08/turn    (no ring)
                     (no ring)

%: no passive effects
@: no status effects
A: almost no armour, amphibious, 8 rings, camouflage 1, gelatinous body 1,
(nimble swimmer 1), tentacles
a: no special abilities


You were on level 1 of the Dungeon.
You visited 1 branch of the dungeon, and saw 1 of its levels.

You collected 12 gold pieces.

Inventory:

Armour
 a - a +0 buckler (worn)
Potions
 b - a potion of might


   Skills:
 + Level 3.1 Fighting
 + Level 3.1 Dodging
 + Level 0.4 Stealth
 + Level 3.2 Shields
 * Level 2.2 Unarmed Combat


You had one spell level left.
You didn't know any spells.
Your spell library contained the following spells:

 Spells                   Type           Power      Damage    Failure   Level
 Summon Small Mammal      Summ           0%         N/A       45%         1
 Call Canine Familiar     Summ           0%         N/A       83%         3
 Summon Blazeheart Golem  Fire/Summ      0%         N/A       99%         4


Dungeon Overview and Level Annotations

Branches:
Dungeon (1/15)

Altars:


Innate Abilities, Weirdness & Mutations

You cannot wear most types of armour.
You are amphibious.
You can wear up to eight rings at the same time.
Your skin changes colour to match your surroundings (Stealth+).
Your rubbery body absorbs attacks. (AC +1, EV +1)
((You are camouflaged when in or above water. (Stealth+)))
You have tentacles for arms and can constrict up to eight enemies at once.


Message History

The bat attacks as it pursues you! The bat hits you but does no damage.
The bat misses you. The bat closely misses you.
The dart slug launches a dart at you. The slug dart hits you.
Found a buckler and 7 gold pieces.
You block the bat's attack. The dart slug bites you.
* * * LOW HITPOINT WARNING * * *
You tentacle-slap the dart slug. You grab the dart slug.
The dart slug is moderately wounded.
You constrict the dart slug, but do no damage.
The kobold shouts!
The bat barely misses you. The bat misses you.
A kobold comes into view. It is wielding a +0 whip.
The kobold shouts!
You tentacle-slap the dart slug. You squeeze the dart slug.
You kill the dart slug!
You block the bat's attack.
A giant cockroach comes into view.
The bat hits you.
* * * LOW HITPOINT WARNING * * *
You barely miss the jackal. Your grab misses the jackal.
The bat closely misses you.
The jackal bites you but does no damage.
The jackal barely misses you.
You tentacle-slap the jackal but do no damage.
You grab the jackal. You squeeze the jackal.
You kill the jackal!
The bat barely misses you. The bat attacks as it pursues you!
The bat hits you but does no damage. x2
The bat hits you but does no damage. The kobold attacks as it pursues you!
The kobold hits you with a +0 dagger.
* * * LOW HITPOINT WARNING * * *
The bat barely misses you. The bat attacks as it pursues you!
The bat misses you. The bat hits you but does no damage.
Okay, then.
You tentacle-slap the kobold but do no damage.
Your grab misses the kobold. Your squeeze misses the kobold.
The kobold hits you with a +0 dagger.
You die...

#.....#~.~...~
#....#..~.~.~.~
#########'.#.).~.≈.~..
#.......#'.#...~≈.≈~..
#..........#...~≈_≈~..
#..........#..~)~≈~.~.
#...........#~~~~.~~~~
#######....#.#..~.~..#
#....#.@#.~.~.#.
#....###K##.##..
########K.....#
#..B†....# #...†....#
#..†...##..
#..........
#.......### #..†..>##


You could see a giant cockroach and 2 kobolds.

Vanquished Creatures
  3 dart slugs (D:1)
  An endoplasm (D:1)
  A hobgoblin (D:1)
  A jackal (D:1)
  A bat (D:1)
  A frilled lizard (D:1)
8 creatures vanquished.

Notes
Turn   | Place    | Note
-------+----------+-------------------------------------------
     0 | D:1      | Dorkslayer the Octopode Fighter began the quest for the
                  | Orb.
     0 | D:1      | Reached XP level 1. HP: 16/16 MP: 1/1
   105 | D:1      | Found a faded altar of an unknown god.
   118 | D:1      | Reached XP level 2. HP: 11/21 MP: 2/2
   133 | D:1      | HP: 1/21 [kobold/+0 dagger (4)]
   136 | D:1      | Slain by a kobold

Illustrated notes

Levels and vault maps discovered:
D:1:      sevenhm_arrival_forest_fort_small_6, layout_basic,
          shapermc_ecumenical_altar_starsandcircs

Action                     || total
---------------------------++-------
  Melee: Unarmed           ||    17
         Constrict         ||     5
         Tentacles         ||     6
   Stab: Sleeping          ||     3
 Armour: Skin              ||    20
  Dodge: Dodged            ||    16
  Block: Buckler           ||     3

Table legend: (Time is in decaauts)
 A = Elapsed time spent in this place.
 B = Non-inter-level travel time spent in this place.
 C = Inter-level travel time spent in this place.
 D = Time resting spent in this place.
 E = Time spent auto-exploring this place.
 F = Levels seen in this place.
 G = Mean time per level.
                   A        B        C        D        E       F      G
               +--------+--------+--------+--------+--------+-----+--------+
         Total |    136 |    136 |      0 |      0 |     48 |   1 |  136.0 |
       Dungeon |    136 |    136 |      0 |      0 |     48 |   1 |  136.0 |
               +--------+--------+--------+--------+--------+-----+--------+

Top non-repeatable levels by time:
     D:1: 136 daAuts
